cohdb
Replays
Latest Replays
All Replays
Popular Replays
Top Player Replays
Match Explorer
How It Works
Community
CoH3 Stats
Reddit
Sign in to upload your games and track your stats! →
Sign in with Steam
Match 45265193
Unlisted
Match 45265193
Overview
Messages
Build Orders
End
Engineer Squad
Selects Armored Battlegroup
Selects Assault Engineers
Assault Engineer Squad
Assault Engineer Squad
Construct Weapon Support Center
Assault Engineer Squad
Construct Medical Station
Selects M31 Recovery Vehicle
Assault Engineer Squad
Air Support Center
Assault Engineer Squad
P-47 Strafing Run
Assault Engineer Squad
Air Supply
Double Sortie
P-47 Strafing Run
P-47 Strafing Run
P-47 Dive Bomb
M3 Armored Personnel Carrier
Assault Engineer Squad
Assault Engineer Squad
P-47 Strafing Run
Assault Engineer Squad
Grasshopper Recon Run
P-47 Dive Bomb
Construct Tank Depot
Selects War Machine
Assault Engineer Squad
P-47 Dive Bomb
P-47 Strafing Run
Assault Engineer Squad
M18 Hellcat Tank Destroyer
Grasshopper Recon Run
Assault Engineer Squad
Selects Strength in Steel
P-47 Dive Bomb
P-47 Strafing Run
P-47 Strafing Run
Assault Engineer Squad
M18 Hellcat Tank Destroyer
Grasshopper Recon Run
Improved Aircraft Armor
Selects Seek and Destroy
P-47 Dive Bomb
P-47 Strafing Run
Grasshopper Recon Run
P-47 Dive Bomb
P-47 Strafing Run
Assault Engineer Squad
Selects UNKNOWN (2160077)
M4A3E8 Sherman Easy Eight
P-47 Dive Bomb
P-47 Strafing Run
Kameho
Serjio Dragonis
zintoko
SchnellSchuh5000
Lutze
Nico-Nico-Nii~~
0
0
Comments
sign in to comment!
No comments posted yet!